 Dungeon Crawl Stone Soup version 0.23.2-1-ga50397a (webtiles) character file.

Game seed: 1761626485573761210

891 whitewolfNL the Basher (level 7, -5/63 HPs)
             Began as a Minotaur Berserker on May 15, 2019.
             Was a Priest of Trog.
             Slain by a mummy (15 damage)
             ... in an ossuary.
             The game lasted 00:09:32 (3233 turns).

whitewolfNL the Basher (Minotaur Berserker)         Turns: 3233, Time: 00:09:32

Health: -5/63      AC:  9    Str: 21    XL:     7   Next: 77%
Magic:  6/6        EV:  9    Int:  4    God:    Trog [***...]
Gold:   128        SH:  0    Dex: 12    Spells: 6/6 levels left

rFire    . . .     SeeInvis .   y - +1 mace (crush)
rCold    . . .     Gourm    .   (no shield)
rNeg     . . .     Faith    .   B - +0 chain mail
rPois    .         Spirit   .   (helmet restricted)
rElec    .         Reflect  .   (no cloak)
rCorr    +         Harm     .   (no gloves)
MR       .....                  (no boots)
Stlth    ..........             (no amulet)
HPRegen  0.20/turn              v - ring of resist corrosion
MPRegen  0.10/turn              (no ring)

@: berserk cooldown, slowed, very slow
A: retaliatory headbutt, horns 2
a: Berserk, Trog's Hand, Renounce Religion


You were in an ossuary.
You worshipped Trog.
Trog was most pleased with you.
You were very hungry.

You visited 1 branch of the dungeon, and saw 5 of its levels.
You also visited: Ossuary.

You collected 128 gold pieces.

Inventory:

Hand Weapons
 y - a +1 mace of crushing (weapon)
Missiles
 d - 51 arrows
 e - 42 sling bullets
 f - 5 javelins (quivered)
 r - 163 stones
Armour
 B - a +0 chain mail (worn)
Jewellery
 v - a ring of resist corrosion (left hand)
Wands
 p - a wand of scattershot (5)
 A - a wand of paralysis (6)
 D - a wand of random effects (16)
Scrolls
 b - 2 scrolls of amnesia {unknown}
 g - 2 scrolls of identify {unknown}
 h - 2 scrolls of enchant weapon {unknown}
 i - 5 scrolls of remove curse
 k - 2 scrolls of magic mapping {unknown}
 l - 2 scrolls of fear {unknown}
 s - 2 scrolls of enchant armour {unknown}
 t - a scroll of immolation {unknown}
Potions
 a - a potion of haste {unknown}
 j - a potion of berserk rage {unknown}
 m - a potion of degeneration {unknown}
 n - 2 potions of brilliance {unknown}
 q - 3 potions of cancellation {unknown}
 u - a potion of mutation {unknown}
 w - a potion of agility {unknown}
 z - a potion of curing {unknown}
Comestibles
 c - 11 rations
 o - 14 chunks of flesh


   Skills:
 * Level 6.2 Fighting
 * Level 8.0 Maces & Flails
 - Level 1.0 Throwing
 + Level 4.7 Armour
 * Level 3.7 Dodging
 - Level 1.0 Stealth


You had 6 spell levels left.
You didn't know any spells.
Your spell library was empty.

Dungeon Overview and Level Annotations

Branches:
Dungeon (5/15)
 Temple: D:4-7

Altars:
Fedhas
Wu Jian
Zin
The Shining One


Innate Abilities, Weirdness & Mutations

You reflexively headbutt those who attack you in melee.
You have a pair of horns on your head.


Message History

You headbutt the mummy.
The mummy is moderately damaged.
The mummy hits you.
* * * LOW HITPOINT WARNING * * *
The mummy closely misses you. The mummy barely misses you.
The mummy hits you but does no damage.
Some of the chunks of flesh in your inventory have rotted away.
The mummy barely misses you. You furiously retaliate!
You headbutt the mummy. You barely miss the mummy.
The mummy is moderately damaged.
The mummy hits you but does no damage. x2
You barely miss the mummy. Your headbutt misses the mummy.
The mummy is moderately damaged.
The mummy hits you!
* * * LOW HITPOINT WARNING * * *
The mummy hits you but does no damage. The mummy closely misses you.
You furiously retaliate!
You headbutt the mummy.
There is a gate leading back out of this place here.
The mummy misses you. The mummy hits you!
You die...

#....#
#....#
#....#
#....#
#....#
#....#
#..MM#
#.MM.#
#.∩@.#
######


You could see 4 mummies.

Vanquished Creatures
  Pikel (D:5)
  A slave (D:5)
  A scorpion (D:4)
  A quasit (D:4)
  2 hounds
  An orc priest (D:5)
  3 orc wizards
  A bullfrog skeleton (D:5)
  Ijyb (D:4)
  A worker ant (D:5)
  A big kobold zombie (Ossuary)
  6 adders
  2 worms
  A dart slug (D:2)
  4 leopard geckos
  8 orcs
  A giant cockroach (D:2)
  4 goblins
  3 hobgoblins (D:2)
  3 jackals (D:2)
  6 kobolds
  6 quokkas
  A ball python (D:2)
  3 bats
  3 frilled lizards
  A gnoll zombie (Ossuary)
  3 hobgoblin zombies (Ossuary)
  A leopard gecko zombie (D:5)
  3 orc zombies (Ossuary)
  A quokka skeleton (D:4)
  5 rats
79 creatures vanquished.

Notes
Turn   | Place    | Note
-------+----------+-------------------------------------------
     0 | D:1      | whitewolfNL the Minotaur Berserker began the quest for the
                  | Orb.
     0 | D:1      | Reached XP level 1. HP: 19/19 MP: 0/0
   581 | D:2      | Reached XP level 2. HP: 27/27 MP: 1/1
   767 | D:2      | Reached skill level 4 in Maces & Flails
  1247 | D:2      | Reached XP level 3. HP: 34/34 MP: 2/2
  1282 | D:2      | Reached ** piety under Trog
  1519 | D:2      | Reached XP level 4. HP: 41/41 MP: 3/3
  1785 | D:3      | Found an ornate altar of the Wu Jian Council.
  1829 | D:3      | Reached skill level 1 in Throwing
  1923 | D:3      | Reached skill level 5 in Maces & Flails
  1923 | D:3      | Reached skill level 1 in Stealth
  2343 | D:4      | Reached XP level 5. HP: 42/47 MP: 4/4
  2461 | D:4      | Reached skill level 5 in Fighting
  2488 | D:4      | Found a glowing silver altar of Zin.
  2488 | D:4      | Found a glowing golden altar of the Shining One.
  2489 | D:4      | Found a blossoming altar of Fedhas.
  2941 | D:4      | Noticed Ijyb
  2948 | D:4      | Killed Ijyb
  2948 | D:4      | Reached skill level 6 in Maces & Flails
  2948 | D:4      | Reached XP level 6. HP: 52/56 MP: 5/5
  3038 | D:5      | Entered Level 5 of the Dungeon
  3133 | D:5      | Noticed Pikel
  3133 | D:5      | Noticed a slave
  3133 | D:5      | Noticed a slave
  3137 | D:5      | Noticed a slave
  3143 | D:5      | Noticed a slave
  3148 | D:5      | Killed a slave
  3154 | D:5      | Killed Pikel
  3154 | D:5      | Reached skill level 7 in Maces & Flails
  3154 | D:5      | Reached XP level 7. HP: 22/63 MP: 6/6
  3163 | D:5      | Reached skill level 8 in Maces & Flails
  3197 | D:5      | Found a sand-covered staircase.
  3203 | Ossuary  | Entered an ossuary
  3213 | Ossuary  | Reached *** piety under Trog
  3233 | Ossuary  | Slain by a mummy

Skill      XL: |  1  2  3  4  5  6  7 |
---------------+----------------------+-----
Fighting       | 4 5 6 |  6.2
Maces & Flails | 4 5 6 7 8 |  8.0
Throwing       | 1 |  1.0
Stealth        | 1 |  1.0
Armour         | 3 4 |  4.7
Dodging        | 3 |  3.7

Action                   |  1- 3 |  4- 6 |  7- 9 || total
-------------------------+-------+-------+-------++-------
Melee: Mace              |    76 |   113 |    15 ||   204
       Headbutt          |     4 |    13 |     7 ||    24
Invok: Berserk           |     3 |     5 |     1 ||     9
  Use: Scroll            |       |     1 |       ||     1
 Stab: Sleeping          |     1 |       |       ||     1
  Eat: Chunk             |     4 |    10 |     1 ||    15
Armor: Animal skin       |     5 |       |       ||     5
       Ring mail         |    20 |    10 |       ||    30
       Chain mail        |       |    74 |    12 ||    86
Dodge: Dodged            |    55 |    86 |    14 ||   155
